AoeStats
← borquezbruno14

Arabia

506250856Analyzed
1v1 RM · 20d ago on Sep 12, 2026· 47m 16s· 2 players
Game mode
Random Map
Map size
Tiny (2 player)
Population
200
Speed
Normal
Resources
Standard
Victory
Conquest
Starting age
Dark Age
Ending age
Imperial Age
RankedLock teamsTeams togetherTeam positionsShared explorationLock speedFull tech treeHidden civsTurbo modeCheats
Victory
Defeat
🇹🇷 Turks · Türkiye
828
+21
🇨🇱 Ethiopians · Chile
810
-15
borquezbruno14
10:11 Feudal Age
15:14 Castle Age
17:39 Stone Mining
18:25 Loom
24:30 Gold Mining
25:21 Double-Bit Axe
28:57 Bow Saw
31:32 Horse Collar
33:23 Heavy Plow
34:20 Stone Shaft Mining
34:48 Wheelbarrow
38:20 Imperial Age
36:43 Gold Shaft Mining
36:28 Crossbowman
38:25 Royal Heirs
38:38 Fletching
41:02 Bodkin Arrow
41:08 Padded Archer Armor
42:10 Conscription
42:47 Bracer
43:21 Thumb Ring
42:37 Arbalester
43:53 Light Cavalry
TidierCast1585
1:16 Loom
11:24 Feudal Age
16:21 Castle Age
15:17 Horse Collar
18:48 Double-Bit Axe
22:45 Heavy Plow
31:57 Imperial Age
31:49 Padded Archer Armor
33:14 Leather Archer Armor
33:18 Gold Mining
36:26 Wheelbarrow
35:39 Town Watch
37:36 Hand Cart
37:04 Elite Janissary
39:26 Bloodlines
40:33 Ring Archer Armor
40:08 Scale Barding Armor
41:29 Artillery
42:48 Chain Barding Armor
Connection lost

Rejoining the realm…

Still unreachable

The connection could not be restored.

Session expired

The server has moved on; the page needs a fresh start.